 Dungeon Crawl Stone Soup version 0.29.1-13-g9f3cf754e1 (webtiles) character file.

Game seed: 13790174117836685974

1941 bjubeck the Shield-Bearer (level 8, -6/74 HPs)
             Began as a Minotaur Fighter on Feb 3, 2023.
             Mangled by an orc warrior
             ... wielding a +0 war axe
              (7 damage)
             ... on level 6 of the Dungeon.
             The game lasted 00:11:08 (5228 turns).

bjubeck the Shield-Bearer (Minotaur Fighter)        Turns: 5228, Time: 00:11:09

Health: -6/74      AC:  9    Str: 23    XL:     8   Next: 98%
Magic:  7/7        EV: 13    Int: 11    God:
Gold:   185        SH:  5    Dex: 10    Spells: 7/7 levels left

rFire   . . .      SeeInvis .   a - +0 war axe
rCold   . . .      Faith    .   c - +0 buckler
rNeg    . . .      Spirit   .   b - +0 scale mail
rPois   .          Reflect  .   (helmet restricted)
rElec   .          Harm     .   w - +0 cloak
rCorr   .          Rampage  .   (no gloves)
Will    .....                   (no boots)
Stlth   ..........              (no amulet)
HPRegen 0.22/turn               i - +6 ring of intelligence
MPRegen 0.10/turn               l - +4 ring of evasion

@: mighty
A: horns 2, retaliatory headbutt
a: no special abilities


You were on level 6 of the Dungeon.
You visited 1 branch of the dungeon, and saw 6 of its levels.

You collected 185 gold pieces.

Inventory:

Hand Weapons
 a - a +0 war axe (weapon)
 z - a +0 shortbow
Missiles
 e - 3 poisoned darts
 C - 2 boomerangs (quivered)
Armour
 b - a +0 scale mail (worn)
 c - a +0 buckler (worn)
 w - a +0 cloak (worn)
Jewellery
 i - a +6 ring of intelligence (left hand)
 l - a +4 ring of evasion (right hand)
Wands
 m - a wand of polymorph (6)
 r - a wand of flame (20)
Scrolls
 f - a scroll of immolation {unknown}
 g - a scroll of poison {unknown}
 j - 4 scrolls of identify {unknown}
 o - a scroll of blinking {unknown}
 q - a scroll of torment {unknown}
 s - a scroll of fear {unknown}
 t - a scroll of silence {unknown}
 v - 3 scrolls of amnesia {unknown}
 y - a scroll of teleportation {unknown}
 B - a scroll of magic mapping {unknown}
Potions
 d - a potion of might
 h - 4 potions of brilliance {unknown}
 k - a potion of attraction {unknown}
 n - 3 potions of flight {unknown}
 p - a potion of cancellation {unknown}
 u - 3 potions of curing {unknown}
 x - a potion of mutation {unknown}
 A - a potion of berserk rage {unknown}


   Skills:
 + Level 7.9 Fighting
 + Level 7.4 Axes
 + Level 7.9 Armour
 + Level 7.9 Shields


You had 7 spell levels left.
You didn't know any spells.
Your spell library contained the following spells:

 Spells                   Type           Power      Damage    Failure   Level
 Ensorcelled Hibernation  Hex/Ice        0%         N/A       83%         2
 Spider Form              Tmut/Pois      0%         N/A       96%         3
 Anguish                  Hex/Necr       0%         N/A       100%        4


Dungeon Overview and Level Annotations

Branches:
Dungeon (6/15)
 Temple: D:4-7

Altars:
Elyvilon
Sif Muna
Uskayaw

Shops:
D:1 ?

Annotations:
D:4 3 runed translucent doors, AverageBear's ghost, amateur DsFi; Valagong's ghost, novice MiFi
D:6 Pikel


Innate Abilities, Weirdness & Mutations

You have a pair of horns on your head.
You reflexively headbutt those who attack you in melee.


Message History

You barely miss the orc warrior.
The orc warrior is lightly wounded.
You block the orc warrior's attack.
A lemure comes into view.
You hit the orc warrior.
The orc warrior is moderately wounded.
The orc warrior hits you with a +0 war axe.
* * * LOW HITPOINT WARNING * * *
The orc warrior hits you with a +0 war axe.
* * * LOW HITPOINT WARNING * * *
Aiming: Throw Flame
Press: ? - help, Shift-Dir - straight line, f - orc warrior
Aim: an orc warrior, wielding a +0 war axe and wearing a +0 chain mail (moderately wounded, 64% to hit)
The puff of flame misses the orc warrior.
The puff of flame hits the orc.
The orc is moderately wounded.
The orc warrior hits you with a +0 war axe.
* * * LOW HITPOINT WARNING * * *
The orc warrior attacks as you move away!
The orc warrior closely misses you.
Things that are here:
a +0 club; a +0 halberd; a gnoll corpse The orc warrior attacks as you move away!
You block the orc warrior's attack.
The orc warrior attacks as you move away!
The orc warrior barely misses you. You furiously retaliate!
You headbutt the orc warrior!
The orc warrior attacks as you move away!
The orc warrior barely misses you.
You hear a distant slurping noise.
The orc warrior attacks as you move away!
The orc warrior hits you with a +0 war axe.
* * * LOW HITPOINT WARNING * * *
The orc warrior attacks as you move away!
The orc warrior hits you with a +0 war axe!
* * * LOW HITPOINT WARNING * * *
You slash the orc warrior!
The orc warrior is almost dead.
The orc warrior hits you with a +0 war axe!
You die...

#########.#
#.o.o@....#
#o#########
#.# ... #o#
... #o#
##.. #K#
.#.. #.#
.#.# ## #l#
.#.# ...
#.#


You could see an orc warrior and 2 orcs.

Vanquished Creatures
  Grinder (D:3)
  Menkaure (D:4)
  A water moccasin (D:5)
  A black bear (D:5)
  An ice beast (D:6)
  A sky beast (D:6)
  3 ogres
  A centaur (D:5)
  A gnoll sergeant (D:5)
  A necrophage (D:5)
  3 scorpions
  A howler monkey (D:6)
  3 hounds
  An orc priest (D:3)
  5 iguanas
  3 jellies
  Natasha (thrice) (D:2)
  An orc wizard (D:3)
  7 gnolls
  2 adders
  3 dart slugs
  9 orcs
  8 endoplasms
  3 giant cockroaches
  2 goblins (D:1)
  8 hobgoblins
  4 jackals
  4 kobolds
  2 quokkas
  5 ball pythons
  3 bats (D:2)
  7 rats
99 creatures vanquished.

Vanquished Creatures (others)
  6 withered plants (D:4)
6 creatures vanquished.

Grand Total: 105 creatures vanquished

Notes
Turn   | Place    | Note
-------+----------+-------------------------------------------
     0 | D:1      | bjubeck the Minotaur Fighter began the quest for the Orb.
     0 | D:1      | Reached XP level 1. HP: 19/19 MP: 0/0
   254 | D:1      | Reached XP level 2. HP: 24/27 MP: 1/1
   584 | D:1      | Found Ziryac's Magic Scroll Shop.
   962 | D:2      | Reached XP level 3. HP: 26/33 MP: 2/2
  1290 | D:2      | Noticed Natasha
  1297 | D:2      | Killed Natasha
  1298 | D:2      | Reached XP level 4. HP: 30/41 MP: 3/3
  1354 | D:2      | Noticed Natasha
  1359 | D:2      | Killed Natasha
  1574 | D:2      | Noticed Natasha
  1579 | D:2      | Killed Natasha
  1606 | D:2      | Found a faded altar of an unknown god.
  1649 | D:2      | Reached XP level 5. HP: 47/47 MP: 4/4
  1755 | D:3      | Noticed Grinder
  1761 | D:3      | Paralysed by Grinder for 4 turns
  1860 | D:3      | Paralysed by Grinder for 2 turns
  1863 | D:3      | Killed Grinder
  1864 | D:3      | Reached skill level 5 in Fighting
  1864 | D:3      | Reached skill level 5 in Armour
  1864 | D:3      | Reached skill level 5 in Shields
  1864 | D:3      | Reached XP level 6. HP: 56/56 MP: 5/5
  2541 | D:4      | Noticed Menkaure
  2552 | D:4      | Killed Menkaure
  2553 | D:4      | Reached skill level 5 in Axes
  2553 | D:4      | Reached XP level 7. HP: 35/62 MP: 6/6
  3106 | D:4      | Found a runed translucent gate.
  3106 | D:4      | Found a runed translucent gate.
  3106 | D:4      | Found a runed translucent gate.
  3111 | D:4      | Noticed AverageBear's ghost (amateur DsFi)
  3111 | D:4      | Noticed Valagong's ghost (novice MiFi)
  3567 | D:5      | Entered Level 5 of the Dungeon
  3865 | D:5      | Found a hide-covered altar of Uskayaw.
  3868 | D:5      | Noticed a +0 dagger
  3868 | D:5      | Noticed a +0 hand axe
  4191 | D:5      | Reached XP level 8. HP: 54/71 MP: 7/7
  4766 | D:5      | Found a white marble altar of Elyvilon.
  4812 | D:5      | Found a shimmering blue altar of Sif Muna.
  5197 | D:6      | Noticed Pikel
  5227 | D:6      | HP: 1/74 [orc warrior/+0 war axe (12)]
  5228 | D:6      | Mangled by an orc warrior

Illustrated notes

Levels and vault maps discovered:
D:1:      ncdulo_lavacross, layout_basic, serial_shops, nicolae_shop_crystal
D:2:      minmay_skewed_foursquare, layout_rooms,
          shapermc_ecumenical_altar_hornbeckon, minmay_tromino_mix6,
          uniq_natasha
D:3:      layout_rooms, uniq_grinder
D:4:      layout_layer_cave, gammafunk_ghost_cemetery, uniq_menkaure
D:5:      layout_basic, elyvilon_altar_3, dancing_weapons_uskayaw,
          mainiacjoe_overflow_alcove_2
D:6:      layout_basic, mainiacjoe_overflow_six_doors_small,
          minmay_temple_entry_tees, uniq_pikel

Skill      XL: |  1  2  3  4  5  6  7  8 |
---------------+-------------------------+-----
Fighting       | 4 5 6 7 |  7.9
Armour         | 4 5 6 7 |  7.9
Shields        | 4 5 6 7 |  7.9
Axes           | 3 4 5 6 7 |  7.4

Action                   |  1- 3 |  4- 6 |  7- 9 || total
-------------------------+-------+-------+-------++-------
Melee: War axe           |    60 |    73 |    98 ||   231
       Headbutt          |    10 |     8 |    18 ||    36
Throw: Dart              |       |     7 |    21 ||    28
       Boomerang         |       |       |    10 ||    10
Evoke: Wand              |       |       |     1 ||     1
  Use: Potion            |       |       |     1 ||     1
Armor: Scale mail        |    21 |    20 |    25 ||    66
       Skin              |       |     3 |       ||     3
Dodge: Dodged            |    25 |    33 |    75 ||   133
Block: Buckler           |    13 |    15 |    37 ||    65
